 Dungeon Crawl Stone Soup version 0.28-a0-224-g76b539d98b (webtiles) character file.

Game seed: 1119917319015847406

58 Arne the Gusty (level 4, 0/24 HPs)
             Began as a Tengu Air Elementalist on Aug 21, 2021.
             Slain by a quokka (3 damage)
             ... on level 2 of the Dungeon.
             The game lasted 00:13:41 (1248 turns).

Arne the Gusty (Tengu Air Elementalist)             Turns: 1248, Time: 00:13:42

Health: 0/24       AC:  2    Str:  9    XL:     4   Next: 2%
Magic:  5/8        EV: 12    Int: 16    God:
Gold:   223        SH:  0    Dex: 14    Spells: 7/8 levels left

rFire   . . .      SeeInvis .   c - +0 dagger
rCold   . . .      Faith    .   (no shield)
rNeg    . . .      Spirit   .   a - +0 robe
rPois   .          Reflect  .   (helmet restricted)
rElec   .          Harm     .   (no cloak)
rCorr   .          Rampage  .   (no gloves)
Will    .....                   (boots unavailable)
Stlth   ++........              (no amulet)
HPRegen 0.08/turn               (no ring)
MPRegen 0.11/turn               (no ring)

@: no status effects
A: beak, talons 3
a: no special abilities


You were on level 2 of the Dungeon.
You visited 1 branch of the dungeon, and saw 3 of its levels.

You collected 223 gold pieces.

Inventory:

Hand Weapons
 c - a +0 dagger (weapon)
Armour
 a - a +0 robe (worn)
Scrolls
 b - 2 scrolls of fear {unknown}
 f - a scroll of enchant weapon {unknown}
 g - a scroll of acquirement {unknown}
 h - a scroll of silence {unknown}
 i - a scroll of identify {unknown}
Potions
 d - a potion of flight {unknown}
 e - a potion of might {unknown}
 j - a potion of attraction {unknown}
 k - a potion of brilliance {unknown}


   Skills:
 + Level 2.7 Dodging
 + Level 2.2 Stealth
 + Level 2.6 Spellcasting
 + Level 1.8 Conjurations
 + Level 5.0 Air Magic


You had 7 spell levels left.
You knew the following spells:

 Your Spells              Type           Power      Damage    Failure   Level
a - Shock                 Conj/Air       52%        1d6       4%          1

Your spell library contained the following spells:

 Spells                   Type           Power      Damage    Failure   Level
 Static Discharge         Conj/Air       13%        N/A       7%          2
 Swiftness                Air            18%        N/A       8%          3
 Airstrike                Air            9%         N/A       24%         4
 Ozocubu's Armour         Ice            2%         N/A       52%         3
 Ozocubu's Refrigeration  Ice            1%         4d5       100%        7


Dungeon Overview and Level Annotations

Branches:
Dungeon (3/15)

Altars:

Shops:
D:1 =   D:2 [([


Innate Abilities, Weirdness & Mutations

You have a beak for a mouth.
You have claws for feet.


Message History

The quokka barely misses you. The orc barely misses you.
You barely miss the orc. You claw the orc, but do no damage.
The orc is almost dead.
The quokka closely misses you. The quokka barely misses you.
The orc hits you with a +0 flail!
You barely miss the orc. Your kick misses the orc.
The orc is almost dead.
The quokka closely misses you. The orc closely misses you.
You hit the orc.
You kill the orc!
The quokka closely misses you.
You have reached level 4!
You feel stronger.
You closely miss the quokka. The quokka misses you.
You closely miss the quokka. The quokka closely misses you.
You hit the quokka but do no damage.
The quokka bites you but does no damage.
The quokka closely misses you.
You hit the quokka.
The quokka is heavily wounded.
The quokka bites you but does no damage.
You completely miss the quokka.
The quokka is heavily wounded.
The quokka bites you.
You hit the quokka. Your kick misses the quokka.
The quokka is severely wounded.
The quokka closely misses you.
You closely miss the quokka. Your kick misses the quokka.
The quokka is severely wounded.
The quokka bites you.
* * * LOW HITPOINT WARNING * * *
Casting: Shock (safe; 4% risk of failure)
Confirm with . or Enter, or press ? or * to list all spells.
Aiming: Shock (safe; 4% risk of failure)
Press: ? - help, Shift-Dir - straight line, f - quokka
Aim: a quokka (severely wounded, 56% to hit)
The zap hits the quokka.
The quokka is almost dead.
The quokka bites you.
You die...

### #<# #.# ####### #.#
#.....# #.# #.....#
#.######.....#######
#.#@r........'....§.
#.#)####.....####### ###
#.....∩#.....#
#.####......#.....#
#...........#.....#####
#.#####.....######....#
#.# #.....######....###
##.#####.....'....'....').
#......'.....######....###


You could see a quokka.

Vanquished Creatures
  An adder (D:2)
  A dart slug (D:1)
  2 orcs
  5 ball pythons
  5 bats
  4 endoplasms
  2 giant cockroaches (D:2)
  4 goblins
  3 hobgoblins
  3 jackals (D:1)
  2 quokkas (D:1)
  3 frilled lizards
  3 kobolds
  A rat (D:2)
39 creatures vanquished.

Notes
Turn   | Place    | Note
-------+----------+-------------------------------------------
     0 | D:1      | Arne the Tengu Air Elementalist began the quest for the
                  | Orb.
     0 | D:1      | Reached XP level 1. HP: 10/10 MP: 4/4
   198 | D:1      | Found Kaoll's Jewellery Emporium.
   214 | D:1      | Reached XP level 2. HP: 15/15 MP: 0/6
   396 | D:1      | Found a faded altar of an unknown god.
   618 | D:1      | Reached XP level 3. HP: 13/19 MP: 4/7
   743 | D:2      | Found Uruy's Antique Armour Boutique.
   768 | D:2      | Found Nyphanunn's Antique Weapon Boutique.
   868 | D:2      | Found Qafiz's Armour Shop.
  1013 | D:2      | Reached skill level 5 in Air Magic
  1241 | D:2      | Reached XP level 4. HP: 10/24 MP: 5/8
  1248 | D:2      | Slain by a quokka

Illustrated notes

Levels and vault maps discovered:
D:1:      minmay_arrival_cross, layout_loops_ring,
          ebering_ecumenical_altar_hall, serial_shops, shop, due_unseen_surprise
D:2:      minmay_alternating_diamond, layout_basic, serial_shops, shop_coins,
          shop, shop_coins
D:3:      layout_rooms, nicolae_yredelemnul_ghost_church,
          mainiacjoe_overflow_alcove_1

Skill      XL: |  1  2  3 |
---------------+----------+-----
Air Magic      | 5 |  5.0
Dodging        | |  2.7
Stealth        | |  2.2
Spellcasting   | |  2.6
Conjurations   | |  1.8

Action                   |  1- 3 |  4- 6 || total
-------------------------+-------+-------++-------
Melee: Unarmed           |     9 |       ||     9
       Kick              |     7 |       ||     7
       Peck              |     7 |       ||     7
       Dagger            |    37 |     7 ||    44
 Cast: Shock             |    42 |     1 ||    43
Armor: Robe              |    10 |     2 ||    12
Dodge: Dodged            |    38 |     4 ||    42

Table legend: (Time is in decaauts)
 A = Elapsed time spent in this place.
 B = Non-inter-level travel time spent in this place.
 C = Inter-level travel time spent in this place.
 D = Time resting spent in this place.
 E = Time spent auto-exploring this place.
 F = Levels seen in this place.
 G = Mean time per level.
                   A        B        C        D        E       F      G
               +--------+--------+--------+--------+--------+-----+--------+
         Total |   1248 |   1218 |     30 |    100 |      7 |   3 |  416.0 |
       Dungeon |   1248 |   1218 |     30 |    100 |      7 |   3 |  416.0 |
               +--------+--------+--------+--------+--------+-----+--------+

Top non-repeatable levels by time:
     D:1: 741 daAuts
     D:2: 503 daAuts
     D:3: 3 daAuts
